 Dungeon Crawl Stone Soup version 0.28-a0-1624-g820543e53a (webtiles) character file.

Game seed: 8652642833370695578

153 croobank the Firebug (level 5, -1/38 HPs)
             Began as a Draconian Fire Elementalist on Jan 23, 2022.
             Was an Initiate of Ashenzari.
             Succumbed to a kobold's poison
             ... in a sewer.
             The game lasted 00:15:29 (2858 turns).

croobank the Firebug (Draconian Fire Elementalist)  Turns: 2858, Time: 00:15:29

Health: -1/38      AC: 11    Str:  8 (10) XL:     5   Next: 12%
Magic:  1/17       EV: 12    Int: 16 (18) God:    Ashenzari [......]
Gold:   12         SH:  0    Dex: 10 (11) Spells: 3/9 levels left

rFire   + + .      SeeInvis .   a - staff of fire
rCold   + . .      Faith    .   (no shield)
rNeg    . . .      Spirit   .   (armour unavailable)
rPois   +          Reflect  .   (helmet restricted)
rElec   +          Harm     .   (no cloak)
rCorr   +          Rampage  .   w - +1 pair of gloves
Will    .....                   (no boots)
Stlth   ++........              s - amulet of regeneration
HPRegen 0.92/turn               c - ring of magical power
MPRegen 0.15/turn               u - +4 ring of protection

@: lethally poisoned (-1 -> -16), resistant
A: AC +5, unfitting armour, cold-blooded
a: Renounce Religion


You were in a sewer.
You worshipped Ashenzari.
Ashenzari was noncommittal.
You visited 1 branch of the dungeon, and saw 4 of its levels.
You also visited: Sewer.

You collected 107 gold pieces.
You spent 95 gold pieces at shops.

Inventory:

Hand Weapons
 g - a +0 dagger
 h - a +0 short sword
Missiles
 d - 59 stones
 i - 68 bolts
 o - 24 arrows
Armour
 w - a +1 pair of gloves (worn)
Magical Staves
 a - a staff of fire (weapon)
 e - a staff of death
Jewellery
 c - a ring of magical power (left hand)
 k - a ring of magical power
 s - an amulet of regeneration (around neck)
 u - a +4 ring of protection (right hand)
Wands
 m - a wand of flame (7)
Scrolls
 f - a scroll of noise {unknown}
 n - a scroll of fog {unknown}
 p - 2 scrolls of blinking
 r - a scroll of magic mapping {unknown}
 t - a scroll of silence {unknown}
 v - a scroll of identify
 x - a scroll of summoning {unknown}
 y - a scroll of brand weapon {unknown}
Potions
 b - a potion of magic
 q - a potion of ambrosia {unknown}


   Skills:
 - Level 2.3 Dodging
 - Level 2.5 Stealth
 - Level 2.5 Spellcasting
 + Level 2.6 Conjurations
 - Level 0.3 Hexes
 + Level 4.0 Fire Magic


You had 3 spell levels left.
You knew the following spells:

 Your Spells              Type           Power      Damage    Failure   Level
a - Foxfire               Conj/Fire      76%        2x1d7     4%          1
b - Scorch                Fire           44%        2d7       5%          2
c - Dazzling Flash        Conj/Hex       12%        N/A       32%         3

Your spell library contained the following spells:

 Spells                   Type           Power      Damage    Failure   Level
 Conjure Flame            Conj/Fire      19%        6-21      16%         3
 Inner Flame              Hex/Fire       13%        N/A       24%         3
 Flame Wave               Conj/Fire      19%        2d6       45%         4
 Iskenderun's Mystic Bla  Conj/Tloc      6%         2d4       75%         4
 Starburst                Conj/Fire      9%         6d5       100%        6
 Chain Lightning          Conj/Air       3%         3d4       100%        9
 Fire Storm               Conj/Fire      9%         8d3       100%        9
 Shatter                  Erth           1%         3d5*      100%        9


Dungeon Overview and Level Annotations

Branches:
Dungeon (4/15)              Sewer (1/1)
 Temple: D:4-7

Altars:
Ashenzari
Uskayaw

Shops:
D:4 ?


Innate Abilities, Weirdness & Mutations

Your plain brown scales are hard. (AC +5)
You cannot fit into any form of body armour.
You are cold-blooded and may be slowed by cold attacks.


Message History

The kobold is severely wounded.
You feel very sick. The kobold closely misses you.
The kobold hits you but does no damage.
You are more poisoned.
The kobold hits you but does no damage.
You barely miss the kobold.
The kobold is severely wounded.
You feel very sick.
The kobold is no longer blind.
The kobold barely misses you. The kobold hits you but does no damage.
You are more poisoned.
The kobold closely misses you.
You barely miss the kobold.
Your tail-slap misses the kobold.
The kobold is severely wounded.
You feel extremely sick. The kobold hits you but does no damage.
You are lethally poisoned!
The kobold hits you with a +0 short sword.
The kobold closely misses you. The kobold hits you but does no damage.
The kobold barely misses you.
You hit the kobold.
You kill the kobold!
* * * LOW HITPOINT WARNING * * *
You feel extremely sick. The kobold closely misses you.
The kobold hits you but does no damage.
You are more poisoned.
The kobold completely misses you.
Casting: Dazzling Flash (quite dangerous; 28% risk of failure)
Confirm with . or Enter, or press ? or * to list all spells.
You don't have enough magic to cast this spell.
It was a potion of degeneration.
There was something very wrong with that liquid.
You feel weakened.
You feel dopey.
You feel clumsy.
* * * LOW HITPOINT WARNING * * *
You feel extremely sick. The kobold misses you.
The kobold hits you with a +0 dagger.
* * * LOW HITPOINT WARNING * * *
It was a potion of resistance.
You feel protected.
You die...

# ##### #≈≈
##...##
#≈≈.#.....#
#≈≈...K∩K.#
#≈≈.#..@..#
# ##.).##
#####


You could see 2 kobolds.

Vanquished Creatures
  Jessica (D:2)
  2 hound skeletons (D:4)
  2 adders
  A worm (D:2)
  7 bats
  7 endoplasms
  5 giant cockroaches
  6 goblins
  5 hobgoblins
  3 jackals (D:1)
  5 quokkas
  10 ball pythons
  5 frilled lizards
  15 kobolds
  5 rats
79 creatures vanquished.

Vanquished Creatures (others)
  105 foxfires
105 creatures vanquished.

Grand Total: 184 creatures vanquished

Notes
Turn   | Place    | Note
-------+----------+-------------------------------------------
     0 | D:1      | croobank the Draconian Fire Elementalist began the quest
                  | for the Orb.
     0 | D:1      | Reached XP level 1. HP: 14/14 MP: 3/3
   351 | D:1      | Reached XP level 2. HP: 20/20 MP: 5/5
   354 | D:1      | Learned a level 2 spell: Scorch
  1117 | D:2      | Reached XP level 3. HP: 26/26 MP: 6/6
  1536 | D:2      | Learned a level 3 spell: Dazzling Flash
  1649 | D:2      | Noticed Jessica
  1656 | D:2      | Killed Jessica
  1657 | D:2      | Reached XP level 4. HP: 25/33 MP: 7/7
  2273 | D:3      | Found a broken altar of Ashenzari.
  2281 | D:3      | Became a worshipper of Ashenzari the Shackled
  2689 | D:4      | Found Hienamul's Magic Scroll Shop.
  2701 | D:4      | Bought a scroll of blinking for 75 gold pieces
  2701 | D:4      | Bought a scroll of identify for 20 gold pieces
  2729 | D:4      | Found a hide-covered altar of Uskayaw.
  2776 | D:4      | Reached XP level 5. HP: 38/38 MP: 4/8
  2780 | D:4      | Reached skill level 4 in Fire Magic
  2805 | D:4      | Noticed an ogre
  2827 | D:4      | Found a glowing drain.
  2848 | Sewer    | Entered a sewer
  2858 | Sewer    | Succumbed to a kobold's poison

Illustrated notes

Levels and vault maps discovered:
D:1:      minmay_arrival_four_circles, layout_loops_ring
D:2:      layout_rooms, kennysheep_jessica_study
D:3:      layout_loops_ring, mainiacjoe_overflow_boulevard, uniq_jessica
D:4:      layout_basic, mainiacjoe_overflow_alcove_1, serial_shops, shop,
          gup_sewer_entry_glass
Sewer:    kennysheep_sewer_church

Skill      XL: |  1  2  3  4  5 |
---------------+----------------+-----
Stealth        | 2 |  2.5
Dodging        | 2 |  2.3
Conjurations   | 2 |  2.6
Fire Magic     | 4 |  4.0
Spellcasting   | |  2.5
Hexes          | |  0.3

Action                   |  1- 3 |  4- 6 || total
-------------------------+-------+-------++-------
Melee: Unarmed           |    14 |       ||    14
       Staff             |     3 |    23 ||    26
       Tailslap          |     1 |     2 ||     3
 Cast: Foxfire           |    57 |     8 ||    65
       Scorch            |    17 |    25 ||    42
       Dazzling Flash    |       |     4 ||     4
  Use: Scroll            |     4 |     1 ||     5
       Potion            |       |     2 ||     2
 Stab: Invisible         |       |     2 ||     2
Armor: Skin              |     5 |    30 ||    35
Dodge: Dodged            |    13 |    63 ||    76

Table legend: (Time is in decaauts)
 A = Elapsed time spent in this place.
 B = Non-inter-level travel time spent in this place.
 C = Inter-level travel time spent in this place.
 D = Time resting spent in this place.
 E = Time spent auto-exploring this place.
 F = Levels seen in this place.
 G = Mean time per level.
                   A        B        C        D        E       F      G
               +--------+--------+--------+--------+--------+-----+--------+
         Total |   2862 |   2762 |    100 |      2 |   2004 |   5 |  572.4 |
       Dungeon |   2851 |   2751 |    100 |      2 |   2004 |   4 |  712.8 |
         Sewer |     10 |     10 |      0 |      0 |      0 |   1 |   10.0 |
               +--------+--------+--------+--------+--------+-----+--------+

Top non-repeatable levels by time:
     D:1: 1089 daAuts
     D:3: 806 daAuts
     D:2: 747 daAuts
     D:4: 208 daAuts
   Sewer: 10 daAuts
